[ PARTIDA AOE2 · #475168091 ]
Team RMMaya vs Teutons
[ ANÁLISIS DE REPETICIÓN · EXTRAÍDO DE LA PARTIDA GRABADA ]
Feudal
10:48
Castillos
18:28
Imperial
38:10
| APM promedio | 16.9 |
| APM pico | 47 |
| eAPM promedio | 11.1 |
| Aldeanos / militares | 97 / 94 |
Foco
⚔️ 12.7% · 🌾 87.3%
Eagle Scout ×61 · Plumed Archer ×33
Feudal
13:02
Castillos
16:45
Imperial
35:26
| APM promedio | 27.0 |
| APM pico | 81 |
| eAPM promedio | 15.4 |
| Aldeanos / militares | 143 / 86 |
Foco
⚔️ 24.8% · 🌾 75.2%
Spearman ×50 · Skirmisher ×20 · Conquistador ×6 · Knight ×5 · Trebuchet (Packed) ×4 · Monk ×1
Feudal
12:00
Castillos
16:20
Imperial
33:13
| APM promedio | 15.7 |
| APM pico | 37 |
| eAPM promedio | 12.7 |
| Aldeanos / militares | 114 / 90 |
Foco
⚔️ 30.5% · 🌾 69.5%
Skirmisher ×46 · Knight ×21 · Militia ×7 · Spearman ×7 · Trebuchet (Packed) ×6 · Monk ×2
Feudal
11:49
Castillos
16:09
Imperial
32:23
| APM promedio | 30.1 |
| APM pico | 62 |
| eAPM promedio | 18.3 |
| Aldeanos / militares | 116 / 119 |
Foco
⚔️ 32.7% · 🌾 67.3%
Skirmisher ×56 · Knight ×22 · Leitis ×22 · Scout Cavalry ×9 · Monk ×4 · Trebuchet (Packed) ×4
Mapa de la partida
Recursos iniciales + cada clic de construcción. Líneas = muros · curvas = relieve. ◆ oro · ⬟ piedra · ● bayas · ✦ reliquia · ◌ hueco del cierre
Tu base· ✓ Cerrada en 18:28 · 0t muro · 2 puerta(s)
Base de Jimyrugby· ✓ Cerrada en 16:45 · 0t muro · 2 puerta(s)
Base de Oefsacul· ✓ Cerrada en 16:20 · 0t muro · 2 puerta(s)
Base de gsky· ✓ Cerrada en 16:09 · 0t muro · 2 puerta(s)
Terreno inicial suavizado · ◌ = hueco del cierre detectado · pasá el cursor para detalles
Inputs por minuto
— Bellendous de Nicotine - - Jimyrugby
Build order — Bellendous de Nicotine
Primeras 150 de 245 acciones detectadas
| 0:02 | Crear | Villager (Male) ×3 |
| 0:07 | Construir | House |
| 0:10 | Construir | House |
| 0:51 | Investigar | Loom |
| 1:48 | Crear | Villager (Male) |
| 2:26 | Crear | Villager (Male) |
| 2:26 | Crear | Villager (Male) |
| 3:03 | Crear | Villager (Male) |
| 3:45 | Crear | Villager (Male) |
| 3:46 | Crear | Villager (Male) |
| 3:46 | Crear | Villager (Male) |
| 4:00 | Construir | House |
| 4:01 | Construir | House |
| 4:20 | Crear | Villager (Male) |
| 4:52 | Crear | Villager (Male) |
| 4:52 | Crear | Villager (Male) |
| 4:52 | Crear | Villager (Male) |
| 5:10 | Construir | Lumber Camp |
| 5:36 | Crear | Villager (Male) |
| 5:36 | Crear | Villager (Male) |
| 5:37 | Crear | Villager (Male) |
| 7:39 | Construir | Mill |
| 7:45 | Crear | Villager (Male) |
| 7:45 | Crear | Villager (Male) |
| 8:38 | Investigar | Feudal Age |
| 8:55 | Construir | House |
| 8:56 | Construir | House |
| 8:58 | Construir | House |
| 8:59 | Construir | House |
| 9:33 | Crear | Villager (Male) |
| 9:33 | Crear | Villager (Male) |
| 9:34 | Crear | Villager (Male) |
| 9:34 | Crear | Villager (Male) |
| 10:25 | Construir | Mining Camp |
| 10:48 | Edad | Edad Feudal |
| 10:59 | Investigar | Wheelbarrow |
| 11:00 | Crear | Villager (Male) |
| 11:00 | Crear | Villager (Male) |
| 11:00 | Crear | Villager (Male) |
| 11:22 | Construir | Farm |
| 11:22 | Construir | Farm |
| 11:22 | Construir | Farm |
| 11:23 | Construir | Farm |
| 11:23 | Construir | Farm |
| 11:23 | Construir | Farm |
| 11:59 | Investigar | Double-Bit Axe |
| 12:17 | Construir | Outpost |
| 12:19 | Construir | Outpost |
| 12:23 | Construir | Outpost |
| 12:55 | Construir | Farm |
| 12:56 | Construir | Farm |
| 13:08 | Crear | Villager (Male) |
| 13:08 | Crear | Villager (Male) |
| 13:52 | Construir | Market |
| 14:20 | Construir | Farm |
| 14:34 | Crear | Villager (Male) |
| 14:34 | Crear | Villager (Male) |
| 14:43 | Construir | Blacksmith |
| 15:29 | Investigar | Castle Age |
| 15:43 | Construir | Mining Camp |
| 16:10 | Investigar | Stone Mining |
| 16:20 | Investigar | Town Watch |
| 16:45 | Investigar | Padded Archer Armor |
| 16:49 | Investigar | Fletching |
| 16:54 | Crear | Villager (Male) ×2 |
| 17:14 | Construir | Farm |
| 17:14 | Construir | Farm |
| 17:17 | Construir | Farm |
| 17:18 | Construir | Farm |
| 17:19 | Construir | Farm |
| 17:20 | Construir | Farm |
| 17:28 | Crear | Villager (Male) |
| 17:29 | Crear | Villager (Male) |
| 17:29 | Crear | Villager (Male) |
| 17:51 | Construir | House |
| 17:51 | Construir | House |
| 17:52 | Construir | House |
| 17:59 | Investigar | Gold Mining |
| 18:24 | Investigar | Horse Collar |
| 18:28 | Edad | Edad de los Castillos |
| 18:32 | Crear | Villager (Male) |
| 18:32 | Crear | Villager (Male) |
| 20:00 | Construir | Castle |
| 21:22 | Construir | Barracks |
| 21:24 | Construir | Barracks |
| 21:36 | Investigar | Scale Mail Armor |
| 21:37 | Investigar | Forging |
| 21:55 | Crear | Villager (Male) |
| 21:55 | Crear | Villager (Male) |
| 22:24 | Construir | Mining Camp |
| 22:43 | Construir | Town Center |
| 22:53 | Crear | Eagle Scout ×4 |
| 23:28 | Crear | Villager (Male) ×4 |
| 23:39 | Construir | Farm |
| 23:39 | Construir | Farm |
| 23:40 | Construir | Farm |
| 23:47 | Construir | Farm |
| 23:58 | Construir | Farm |
| 24:10 | Crear | Villager (Male) ×2 |
| 24:33 | Investigar | Town Watch |
| 24:56 | Construir | Town Center |
| 25:07 | Crear | Villager (Male) |
| 25:08 | Crear | Villager (Male) |
| 25:08 | Crear | Villager (Male) |
| 25:08 | Crear | Villager (Male) |
| 25:13 | Crear | Villager (Male) |
| 25:19 | Construir | House |
| 25:20 | Construir | House |
| 25:20 | Construir | House |
| 25:20 | Construir | House |
| 25:20 | Construir | House |
| 25:20 | Construir | House |
| 25:21 | Construir | House |
| 25:22 | Construir | House |
| 25:23 | Construir | House |
| 25:23 | Construir | House |
| 25:23 | Construir | House |
| 25:24 | Construir | House |
| 25:24 | Construir | House |
| 25:47 | Investigar | Bow Saw |
| 26:05 | Construir | Farm |
| 26:06 | Construir | Farm |
| 26:07 | Construir | Farm |
| 26:11 | Construir | Farm |
| 26:28 | Crear | Plumed Archer ×3 |
| 26:35 | Investigar | Leather Archer Armor |
| 26:45 | Crear | Villager (Male) |
| 27:00 | Crear | Villager (Male) ×2 |
| 27:35 | Construir | Town Center |
| 27:42 | Investigar | Eagle Warrior (upgrade) |
| 27:51 | Crear | Villager (Male) |
| 27:51 | Crear | Villager (Male) |
| 28:03 | Construir | Farm |
| 28:03 | Construir | Farm |
| 28:04 | Construir | Farm |
| 28:05 | Construir | Farm |
| 28:18 | Construir | Farm |
| 28:30 | Construir | University |
| 28:34 | Crear | Villager (Male) |
| 28:34 | Crear | Villager (Male) |
| 28:34 | Crear | Villager (Male) |
| 28:35 | Crear | Villager (Male) |
| 28:59 | Construir | Farm |
| 28:59 | Construir | Farm |
| 29:00 | Construir | Farm |
| 29:00 | Construir | Farm |
| 29:00 | Construir | Farm |
| 29:00 | Construir | Farm |
| 29:01 | Construir | Farm |
| 29:01 | Construir | Farm |
Build order — Jimyrugby
Primeras 150 de 355 acciones detectadas
| 0:01 | Crear | Villager (Male) |
| 0:01 | Crear | Villager (Male) |
| 0:01 | Crear | Villager (Male) |
| 0:02 | Crear | Villager (Male) |
| 0:02 | Crear | Villager (Male) |
| 0:04 | Construir | House |
| 0:06 | Construir | House |
| 1:49 | Construir | Lumber Camp |
| 1:50 | Crear | Villager (Male) |
| 1:51 | Crear | Villager (Male) |
| 2:43 | Crear | Villager (Male) |
| 3:22 | Crear | Villager (Male) |
| 3:22 | Crear | Villager (Male) |
| 4:33 | Crear | Villager (Male) |
| 4:34 | Crear | Villager (Male) |
| 4:45 | Construir | House |
| 5:10 | Construir | Mill |
| 5:20 | Construir | House |
| 5:32 | Crear | Villager (Male) |
| 5:33 | Crear | Villager (Male) |
| 5:33 | Crear | Villager (Male) |
| 6:03 | Crear | Villager (Male) |
| 6:37 | Crear | Villager (Male) |
| 6:38 | Crear | Villager (Male) |
| 6:38 | Crear | Villager (Male) |
| 8:19 | Construir | Lumber Camp |
| 9:11 | Crear | Villager (Male) |
| 9:11 | Crear | Villager (Male) |
| 9:12 | Crear | Villager (Male) |
| 9:37 | Construir | House |
| 9:39 | Construir | House |
| 9:49 | Crear | Villager (Male) |
| 10:07 | Construir | Mining Camp |
| 10:52 | Investigar | Feudal Age |
| 11:22 | Construir | Farm |
| 11:30 | Construir | Farm |
| 12:03 | Construir | Farm |
| 12:14 | Crear | Villager (Male) |
| 12:14 | Crear | Villager (Male) |
| 12:31 | Construir | Farm |
| 12:37 | Construir | Farm |
| 12:46 | Construir | Farm |
| 13:02 | Edad | Edad Feudal |
| 13:11 | Construir | Market |
| 13:17 | Construir | Blacksmith |
| 13:42 | Investigar | Double-Bit Axe |
| 13:49 | Construir | Mining Camp |
| 14:05 | Investigar | Castle Age |
| 14:27 | Investigar | Stone Mining |
| 14:41 | Construir | Mining Camp |
| 15:11 | Investigar | Horse Collar |
| 15:57 | Construir | Barracks |
| 16:25 | Construir | Barracks |
| 16:45 | Edad | Edad de los Castillos |
| 16:54 | Investigar | Bow Saw |
| 17:02 | Construir | Barracks |
| 17:17 | Investigar | Pikeman (upgrade) |
| 17:23 | Investigar | Scale Mail Armor |
| 17:26 | Investigar | Forging |
| 17:34 | Construir | Town Center |
| 17:48 | Crear | Villager (Male) |
| 18:11 | Crear | Villager (Male) |
| 18:33 | Crear | Spearman |
| 18:33 | Crear | Spearman |
| 19:19 | Crear | Villager (Male) |
| 19:19 | Crear | Villager (Male) |
| 19:29 | Construir | Town Center |
| 20:39 | Crear | Villager (Male) |
| 20:39 | Crear | Villager (Male) |
| 20:39 | Crear | Villager (Male) |
| 20:39 | Crear | Villager (Male) |
| 20:47 | Construir | Farm |
| 20:50 | Construir | Farm |
| 20:53 | Construir | Farm |
| 21:02 | Construir | Farm |
| 21:05 | Construir | Farm |
| 21:12 | Construir | Farm |
| 21:35 | Construir | Castle |
| 22:09 | Crear | Villager (Male) |
| 22:09 | Crear | Villager (Male) |
| 22:09 | Crear | Villager (Male) |
| 22:13 | Construir | Farm |
| 22:15 | Construir | Farm |
| 22:18 | Construir | Farm |
| 22:26 | Construir | Town Center |
| 22:31 | Crear | Villager (Male) |
| 22:32 | Crear | Villager (Male) |
| 22:32 | Crear | Villager (Male) |
| 22:38 | Construir | Farm |
| 22:41 | Construir | Farm |
| 22:47 | Construir | Farm |
| 23:04 | Construir | Mining Camp |
| 23:21 | Crear | Villager (Male) |
| 23:21 | Crear | Villager (Male) |
| 23:21 | Crear | Villager (Male) |
| 23:22 | Crear | Villager (Male) |
| 23:24 | Crear | Villager (Male) |
| 23:33 | Construir | House |
| 23:34 | Construir | House |
| 23:39 | Crear | Villager (Male) |
| 23:39 | Crear | Villager (Male) |
| 23:40 | Crear | Villager (Male) |
| 23:52 | Construir | Farm |
| 24:01 | Construir | Farm |
| 24:07 | Construir | Farm |
| 24:12 | Construir | Farm |
| 24:17 | Construir | Farm |
| 24:23 | Construir | Farm |
| 24:26 | Crear | Conquistador |
| 24:37 | Construir | Stable |
| 24:42 | Investigar | Gold Mining |
| 24:45 | Crear | Villager (Male) |
| 24:45 | Crear | Villager (Male) |
| 24:45 | Crear | Villager (Male) |
| 24:53 | Construir | Farm |
| 25:03 | Construir | Farm |
| 25:09 | Crear | Villager (Male) |
| 25:10 | Crear | Villager (Male) |
| 25:10 | Crear | Villager (Male) |
| 25:11 | Crear | Villager (Male) |
| 25:18 | Construir | Farm |
| 25:25 | Construir | Lumber Camp |
| 25:33 | Crear | Villager (Male) |
| 25:33 | Crear | Villager (Male) |
| 25:34 | Crear | Villager (Male) |
| 25:34 | Crear | Villager (Male) |
| 25:42 | Construir | Farm |
| 25:45 | Construir | Farm |
| 25:50 | Construir | Farm |
| 26:02 | Crear | Villager (Male) |
| 26:03 | Crear | Villager (Male) |
| 26:03 | Crear | Villager (Male) |
| 26:03 | Crear | Villager (Male) |
| 26:19 | Investigar | Wheelbarrow |
| 26:28 | Investigar | Loom |
| 26:56 | Investigar | Fletching |
| 26:56 | Investigar | Padded Archer Armor |
| 27:01 | Investigar | Husbandry |
| 27:03 | Construir | House |
| 27:04 | Construir | House |
| 27:04 | Construir | House |
| 27:06 | Crear | Villager (Male) |
| 27:07 | Crear | Villager (Male) |
| 27:09 | Crear | Villager (Male) |
| 27:17 | Construir | Farm |
| 27:21 | Construir | Farm |
| 27:29 | Construir | Farm |
| 27:35 | Construir | Farm |
| 27:47 | Crear | Conquistador |
| 28:23 | Investigar | Bodkin Arrow |
Build order — Oefsacul
Primeras 150 de 309 acciones detectadas
| 0:01 | Crear | Villager (Male) |
| 0:01 | Crear | Villager (Male) |
| 0:02 | Crear | Villager (Male) |
| 0:02 | Crear | Villager (Male) |
| 0:05 | Construir | House |
| 0:12 | Construir | House |
| 1:36 | Crear | Villager (Male) |
| 1:51 | Construir | Lumber Camp |
| 1:55 | Crear | Villager (Male) |
| 2:37 | Crear | Villager (Male) |
| 2:53 | Crear | Villager (Male) |
| 3:08 | Crear | Villager (Male) |
| 3:33 | Construir | House |
| 3:36 | Construir | House |
| 3:43 | Crear | Villager (Male) |
| 4:25 | Crear | Villager (Male) |
| 4:33 | Construir | Mill |
| 4:45 | Crear | Villager (Male) |
| 5:07 | Crear | Villager (Male) |
| 5:07 | Crear | Villager (Male) |
| 5:57 | Crear | Villager (Male) |
| 6:03 | Crear | Villager (Male) |
| 6:18 | Construir | Mill |
| 6:21 | Crear | Villager (Male) |
| 6:56 | Crear | Villager (Male) |
| 7:32 | Crear | Villager (Male) |
| 7:33 | Crear | Villager (Male) |
| 7:51 | Construir | House |
| 7:53 | Construir | House |
| 8:04 | Construir | Mining Camp |
| 8:23 | Crear | Villager (Male) |
| 8:41 | Construir | Farm |
| 8:53 | Crear | Villager (Male) |
| 8:56 | Crear | Villager (Male) |
| 9:04 | Construir | Farm |
| 9:32 | Construir | Farm |
| 9:40 | Investigar | Feudal Age |
| 10:01 | Construir | Lumber Camp |
| 10:27 | Crear | Villager (Male) |
| 11:11 | Construir | Barracks |
| 11:26 | Construir | House |
| 11:29 | Construir | House |
| 11:41 | Crear | Villager (Male) |
| 12:00 | Edad | Edad Feudal |
| 12:22 | Construir | Market |
| 12:39 | Crear | Villager (Male) |
| 13:00 | Construir | Blacksmith |
| 13:11 | Investigar | Loom |
| 13:39 | Investigar | Castle Age |
| 13:59 | Construir | Mining Camp |
| 14:47 | Investigar | Double-Bit Axe |
| 14:49 | Investigar | Horse Collar |
| 14:53 | Investigar | Gold Mining |
| 16:10 | Construir | Farm |
| 16:11 | Construir | Farm |
| 16:11 | Construir | Farm |
| 16:11 | Construir | Farm |
| 16:20 | Edad | Edad de los Castillos |
| 16:24 | Crear | Militia |
| 16:24 | Crear | Militia |
| 17:06 | Crear | Villager (Male) |
| 17:29 | Construir | Farm |
| 17:30 | Construir | Farm |
| 17:31 | Construir | Farm |
| 17:31 | Construir | Farm |
| 17:32 | Construir | Farm |
| 17:36 | Crear | Militia |
| 18:01 | Crear | Villager (Male) |
| 18:45 | Crear | Villager (Male) |
| 18:46 | Crear | Villager (Male) |
| 18:46 | Crear | Villager (Male) |
| 19:30 | Construir | Castle |
| 19:40 | Crear | Militia |
| 19:43 | Investigar | Man-at-Arms (upgrade) |
| 20:06 | Crear | Villager (Male) |
| 20:06 | Crear | Villager (Male) |
| 20:07 | Crear | Villager (Male) |
| 20:08 | Crear | Villager (Male) |
| 20:22 | Construir | Farm |
| 20:22 | Construir | Farm |
| 20:22 | Construir | Farm |
| 20:23 | Construir | Farm |
| 20:25 | Crear | Villager (Male) |
| 20:51 | Investigar | Fletching |
| 21:42 | Crear | Villager (Male) |
| 21:53 | Construir | Town Center |
| 22:10 | Construir | Town Center |
| 22:28 | Construir | Town Center |
| 22:36 | Crear | Villager (Male) |
| 22:39 | Crear | Villager (Male) |
| 22:39 | Crear | Villager (Male) |
| 23:28 | Construir | Farm |
| 23:30 | Construir | Farm |
| 23:31 | Construir | Farm |
| 23:32 | Construir | Farm |
| 23:34 | Construir | Farm |
| 23:35 | Construir | Farm |
| 23:37 | Crear | Villager (Male) |
| 23:38 | Crear | Villager (Male) |
| 23:41 | Investigar | Heavy Plow |
| 23:46 | Investigar | Bow Saw |
| 23:47 | Crear | Villager (Male) |
| 23:48 | Crear | Villager (Male) |
| 23:48 | Crear | Villager (Male) |
| 23:49 | Crear | Villager (Male) |
| 23:51 | Crear | Villager (Male) |
| 23:52 | Crear | Villager (Male) |
| 23:53 | Crear | Villager (Male) |
| 24:08 | Investigar | Stone Mining |
| 24:12 | Crear | Villager (Male) |
| 24:20 | Construir | University |
| 24:27 | Crear | Villager (Male) |
| 24:48 | Crear | Villager (Male) |
| 24:48 | Crear | Villager (Male) |
| 24:49 | Crear | Villager (Male) |
| 24:49 | Crear | Villager (Male) |
| 24:55 | Construir | Farm |
| 24:57 | Construir | Farm |
| 24:59 | Crear | Villager (Male) |
| 25:02 | Crear | Villager (Male) |
| 25:04 | Crear | Villager (Male) |
| 25:05 | Crear | Villager (Male) |
| 25:31 | Construir | Farm |
| 25:35 | Construir | Farm |
| 25:35 | Construir | Farm |
| 25:36 | Construir | Farm |
| 25:37 | Construir | Farm |
| 25:38 | Construir | Farm |
| 25:41 | Crear | Villager (Male) |
| 25:58 | Construir | Lumber Camp |
| 26:05 | Crear | Villager (Male) |
| 26:06 | Crear | Villager (Male) |
| 26:06 | Crear | Villager (Male) |
| 26:07 | Crear | Villager (Male) |
| 26:12 | Construir | House |
| 26:13 | Construir | House |
| 26:19 | Construir | House |
| 26:20 | Construir | House |
| 26:23 | Construir | House |
| 26:24 | Construir | House |
| 26:26 | Construir | House |
| 26:27 | Construir | House |
| 26:29 | Construir | House |
| 26:56 | Construir | Farm |
| 27:05 | Crear | Villager (Male) |
| 27:05 | Crear | Villager (Male) |
| 27:06 | Crear | Villager (Male) |
| 27:39 | Crear | Villager (Male) |
| 27:46 | Construir | Farm |
| 27:53 | Crear | Villager (Male) |
Build order — gsky
Primeras 150 de 391 acciones detectadas
| 0:02 | Crear | Villager (Male) |
| 0:02 | Crear | Villager (Male) |
| 0:04 | Construir | House |
| 0:05 | Construir | House |
| 0:23 | Crear | Villager (Male) |
| 0:24 | Crear | Villager (Male) |
| 0:24 | Crear | Villager (Male) |
| 0:37 | Crear | Villager (Male) |
| 1:30 | Crear | Villager (Male) |
| 1:45 | Construir | Lumber Camp |
| 1:48 | Crear | Villager (Male) |
| 2:35 | Crear | Villager (Male) |
| 3:01 | Crear | Villager (Male) |
| 3:20 | Crear | Villager (Male) |
| 4:06 | Construir | House |
| 4:31 | Crear | Villager (Male) |
| 4:32 | Crear | Villager (Male) |
| 4:45 | Crear | Villager (Male) |
| 5:32 | Crear | Villager (Male) |
| 5:32 | Crear | Villager (Male) |
| 5:51 | Construir | Mill |
| 5:59 | Crear | Villager (Male) |
| 6:06 | Construir | House |
| 6:37 | Crear | Villager (Male) |
| 7:19 | Construir | Lumber Camp |
| 7:34 | Crear | Villager (Male) |
| 7:35 | Crear | Villager (Male) |
| 8:19 | Crear | Villager (Male) |
| 8:35 | Construir | Mining Camp |
| 8:42 | Investigar | Loom |
| 8:43 | Investigar | Feudal Age |
| 8:54 | Construir | Farm |
| 9:05 | Crear | Villager (Male) |
| 9:06 | Investigar | Feudal Age |
| 9:29 | Construir | House |
| 10:00 | Crear | Villager (Male) |
| 10:00 | Crear | Villager (Male) |
| 10:39 | Construir | Barracks |
| 10:45 | Construir | Farm |
| 11:18 | Construir | House |
| 11:49 | Edad | Edad Feudal |
| 12:00 | Construir | Market |
| 12:07 | Construir | Blacksmith |
| 12:11 | Crear | Villager (Male) |
| 12:42 | Crear | Villager (Male) |
| 13:21 | Investigar | Castle Age |
| 13:31 | Construir | Farm |
| 13:39 | Construir | Stable |
| 14:01 | Construir | Farm |
| 14:03 | Construir | Farm |
| 14:05 | Construir | Farm |
| 14:08 | Construir | Farm |
| 14:10 | Investigar | Double-Bit Axe |
| 14:12 | Crear | Villager (Male) |
| 14:12 | Crear | Villager (Male) |
| 14:20 | Construir | Farm |
| 14:33 | Investigar | Horse Collar |
| 14:54 | Construir | Outpost |
| 14:56 | Construir | Outpost |
| 15:04 | Crear | Scout Cavalry |
| 15:25 | Crear | Villager (Male) |
| 15:39 | Construir | Lumber Camp |
| 15:41 | Investigar | Gold Mining |
| 16:09 | Edad | Edad de los Castillos |
| 16:24 | Construir | Monastery |
| 16:26 | Construir | House |
| 16:28 | Crear | Villager (Male) |
| 16:28 | Crear | Villager (Male) |
| 16:28 | Crear | Villager (Male) |
| 16:35 | Construir | House |
| 16:40 | Construir | Outpost |
| 16:46 | Crear | Villager (Male) |
| 16:53 | Crear | Scout Cavalry |
| 17:23 | Construir | Outpost |
| 17:25 | Construir | Outpost |
| 17:33 | Construir | Farm |
| 17:38 | Construir | Farm |
| 17:40 | Crear | Monk |
| 17:40 | Crear | Monk |
| 17:49 | Crear | Scout Cavalry |
| 18:05 | Crear | Villager (Male) |
| 18:06 | Crear | Villager (Male) |
| 18:12 | Investigar | Scale Barding Armor |
| 18:22 | Construir | House |
| 18:23 | Construir | House |
| 18:28 | Construir | Farm |
| 18:32 | Construir | Farm |
| 18:36 | Crear | Villager (Male) |
| 19:15 | Construir | Town Center |
| 19:20 | Construir | Mining Camp |
| 19:28 | Crear | Villager (Male) |
| 20:06 | Crear | Monk |
| 20:30 | Crear | Scout Cavalry |
| 20:37 | Construir | House |
| 20:39 | Construir | House |
| 20:39 | Construir | House |
| 20:43 | Construir | House |
| 20:44 | Construir | House |
| 20:54 | Crear | Knight |
| 20:59 | Crear | Villager (Male) |
| 21:00 | Crear | Villager (Male) |
| 21:00 | Crear | Villager (Male) |
| 21:07 | Construir | Farm |
| 21:23 | Construir | Outpost |
| 21:26 | Crear | Villager (Male) |
| 21:26 | Crear | Villager (Male) |
| 21:32 | Crear | Villager (Male) |
| 21:32 | Crear | Villager (Male) |
| 21:39 | Construir | Farm |
| 21:43 | Construir | Farm |
| 21:52 | Construir | House |
| 21:54 | Construir | House |
| 21:56 | Construir | House |
| 22:02 | Crear | Villager (Male) |
| 22:04 | Construir | Farm |
| 22:08 | Construir | House |
| 22:09 | Construir | House |
| 22:24 | Crear | Monk |
| 22:43 | Crear | Villager (Male) |
| 22:46 | Investigar | Wheelbarrow |
| 22:47 | Investigar | Town Watch |
| 22:49 | Crear | Villager (Male) |
| 22:49 | Crear | Villager (Male) |
| 22:49 | Crear | Villager (Male) |
| 22:50 | Crear | Villager (Male) |
| 22:55 | Construir | Farm |
| 23:06 | Construir | Farm |
| 23:09 | Crear | Knight |
| 23:16 | Investigar | Bloodlines |
| 23:29 | Construir | Farm |
| 23:32 | Construir | Mill |
| 23:34 | Construir | Farm |
| 23:39 | Construir | Stable |
| 23:45 | Investigar | Husbandry |
| 23:48 | Crear | Villager (Male) |
| 23:48 | Crear | Villager (Male) |
| 23:51 | Construir | House |
| 23:53 | Construir | House |
| 24:33 | Crear | Villager (Male) |
| 24:33 | Crear | Villager (Male) |
| 24:33 | Crear | Villager (Male) |
| 24:42 | Crear | Villager (Male) |
| 24:42 | Crear | Villager (Male) |
| 25:01 | Construir | Town Center |
| 25:12 | Construir | Farm |
| 25:18 | Construir | Farm |
| 25:42 | Construir | Archery Range |
| 25:43 | Construir | Archery Range |
| 25:45 | Crear | Villager (Male) |
| 25:46 | Crear | Villager (Male) |
Cronología de la partida
| 10:39 | gsky · first_building Barracks |
| 10:48 | Bellendous de Nicotine · age_up feudal |
| 11:11 | Oefsacul · first_building Barracks |
| 11:49 | gsky · age_up feudal |
| 12:00 | Oefsacul · age_up feudal |
| 13:02 | Jimyrugby · age_up feudal |
| 13:16 | gsky · first_market_sell 100 wood |
| 13:20 | gsky · first_market_buy 100 food |
| 13:39 | gsky · first_building Stable |
| 15:57 | Jimyrugby · first_building Barracks |
| 16:09 | gsky · age_up castle |
| 16:20 | Oefsacul · age_up castle |
| 16:24 | gsky · first_building Monastery |
| 16:45 | Jimyrugby · age_up castle |
| 18:27 | Oefsacul · first_market_buy 100 food |
| 18:28 | Bellendous de Nicotine · age_up castle |
| 19:30 | Oefsacul · first_building Castle |
| 19:47 | Bellendous de Nicotine · first_market_sell 500 food |
| 19:49 | Bellendous de Nicotine · first_market_buy 500 stone |
| 20:00 | Bellendous de Nicotine · first_building Castle |
| 21:22 | Bellendous de Nicotine · first_building Barracks |
| 21:35 | Jimyrugby · first_building Castle |
| 24:37 | Jimyrugby · first_building Stable |
| 25:42 | gsky · first_building Archery Range |
| 28:32 | Oefsacul · first_building Monastery |
| 29:44 | gsky · first_building Castle |
| 30:39 | Jimyrugby · first_building Monastery |
| 31:40 | Jimyrugby · first_building Archery Range |
| 31:55 | Oefsacul · first_building Archery Range |
| 32:09 | Jimyrugby · first_market_sell 100 wood |
| 32:23 | gsky · age_up imperial |
| 33:13 | Oefsacul · age_up imperial |
| 33:57 | gsky · first_building Siege Workshop |
| 34:05 | Oefsacul · first_building Stable |
| 35:26 | Jimyrugby · age_up imperial |
| 38:10 | Bellendous de Nicotine · age_up imperial |
| 43:07 | Jimyrugby · resign |
[ ANÁLISIS IA · 1 CRÉDITO ]
¿Qué pasó realmente en esta partida?
Wolo.gg analiza cada decisión: build order, eco, micro, errores típicos por bracket. Análisis personalizado por WhatsApp o Discord en 30 segundos.
Guía civ
Maya
Guía mapa
Arena
Perfil
Jugador #19227366